 Dungeon Crawl Stone Soup version 0.19-a0-1065-gdac414d (webtiles) character file.

2305 4thArraOfDagon the Grappler (level 9, -2/74 HPs)
             Began as a Troll Air Elementalist on Aug 3, 2016.
             Was a Believer of Cheibriados.
             Slain by Erica
             ... wielding a +4 scimitar of flaming
              (10 damage)
             ... on level 8 of the Dungeon.
             The game lasted 00:11:11 (2077 turns).

4thArraOfDagon the Grappler (TrAE)                  Turns: 2077, Time: 00:11:12

Health: -2/74      AC:  4    Str: 24    XL:     9   Next: 18%
Magic:  8/10       EV: 10    Int: 20    God:    Cheibriados [**....]
Gold:   176        SH:  0    Dex: 16    Spells: 2 memorised, 7 levels left

rFire  . . .     SeeInvis .       - Unarmed
rCold  + . .     Gourm    +     a - +0 robe
rNeg   . . .     Faith    .     (no shield)
rPois  .         Spirit   .     (helmet restricted)
rElec  .         Dismiss  .     g - +2 cloak
rCorr  .         Reflect  .     (gloves unavailable)
SustAt .         Harm     .     (boots unavailable)
MR     .....                    l - amulet of magic regeneration
Stlth  ++........               (no ring)
                                o - ring of protection from cold

@: corroded, repel missiles, very slow
A: unfitting armour, claws 3, fast metabolism 3, gourmand, regeneration 2,
shaggy fur 1, tough skin 2
a: Bend Time, Renounce Religion


You were on level 8 of the Dungeon.
You worshipped Cheibriados.
Cheibriados was pleased with you.
You were very full.

You visited 2 branches of the dungeon, and saw 10 of its levels.
You also visited: Ossuary.

You collected 176 gold pieces.

Inventory:

Armour
 a - a +0 robe (worn)
 g - a +2 cloak (worn)
Jewellery
 l - an amulet of magic regeneration (around neck)
 o - a ring of protection from cold (left claw)
Wands
 n - a wand of disintegration (3/24)
Scrolls
 e - 2 scrolls of random uselessness {unknown}
 f - 4 scrolls of enchant armour
 i - a scroll of immolation {unknown}
 p - a scroll of remove curse {unknown}
 s - a scroll of teleportation {unknown}
 t - a scroll of recharging {unknown}
 u - 3 scrolls of magic mapping
Potions
 d - 8 potions of curing
 j - a potion of degeneration
 k - 2 potions of magic
 m - 4 potions of might
 q - 3 potions of ambrosia
 v - 2 potions of lignification {unknown}
 w - 2 potions of brilliance {unknown}
 x - a potion of cure mutation {unknown}
Books
 b - a book of Air

   Spells                             Type                      Level
   a - Shock                          Conjuration/Air              1
   b - Swiftness                      Charms/Air                   2
   c - Repel Missiles                 Charms/Air                   2
   d - Static Discharge               Conjuration/Air              3
   e - Lightning Bolt                 Conjuration/Air              5
 r - a Necronomicon

   Spells                             Type                      Level
   a - Haunt                          Necromancy/Summoning         7
   b - Borgnjor's Revivification      Necromancy                   8
   c - Death's Door                   Charms/Necromancy            8
   d - Infestation                    Necromancy                   8
   e - Necromutation                  Transmutation/Necromancy     8
Comestibles
 c - 2 bread rations
 h - 2 meat rations
 z - a fruit


   Skills:
 - Level 1.5 Dodging
 - Level 1.1 Stealth
 * Level 11.2 Unarmed Combat
 - Level 1.2 Spellcasting
 - Level 0.6 Conjurations
 - Level 2.0 Air Magic
 + Level 3.8 Invocations


You had 7 spell levels left.
You knew the following spells:

 Your Spells              Type           Power        Failure   Level  Hunger
a - Shock                 Conj/Air       #...         12%         1    ##.....
b - Repel Missiles        Chrm/Air       #.....       21%         2    ###....


Dungeon Overview and Level Annotations

Branches:
Dungeon (9/15)             Temple (1/1) D:6
   Lair: D:8-11         Orc: D:9-12

Altars:
Ashenzari
Cheibriados
Fedhas
Hepliaklqana
Kikubaaqudgha
Nemelex Xobeh
Sif Muna
Trog
Vehumet
Xom
Yredelemnul

Annotations:
D:8 Erica, Maurice


Innate Abilities, Weirdness & Mutations

You are too large for most types of armour.
You have claws for hands.
Your metabolism is lightning-fast.
You like to eat raw meat.
You heal very quickly.
You are covered in fur. (AC +1)
You have very tough skin. (AC +2)


Message History

Erica is severely wounded.
You feel sick.
Unknown command.
You feel better.
Erica screams, "Hurry, death AWAITS you!"
Erica hits you with a scimitar of flaming.
* * * LOW HITPOINT WARNING * * *
Erica burns you.
* * * LOW HITPOINT WARNING * * *
Unknown command.
Unknown command.
You scratch Erica.
Erica is severely wounded.
You feel a little less mighty now.
Unknown command.
You closely miss Erica.
Erica is severely wounded.
Erica says, "Fast and perfect.
Such is my way of killing."
Erica hits you with a scimitar of flaming!
You die...

#*##############...## ...*
#....# ...######## #....#
......#...#########.#
...*#......##.......#
...##.......#.#####.#
....#.......#.#####.#
....#.......#.##....#
#.#[#......##.##@##.#
#..)........#.##@##.#
###.##..#.#.#.......#
#....###.......####
#.##..#.#.###..#
#.#.##..#.###..# ****
#..#####...##..# *,,,
#...###.#..##..# *,**
#.##.#..#......#************,*


You could see Erica.

Vanquished Creatures
  Grinder (D:5)
  A slave (D:5)
  An orc warrior (D:7)
  2 ice beasts (D:7)
  2 ogres
  9 scorpions
  3 wights (D:7)
  3 howler monkeys
  3 crimson imps
  2 centaur zombies (Ossuary)
  A giant frog zombie (D:7)
  3 giant frog skeletons
  3 hounds
  A human zombie (Ossuary)
  A jelly (D:8)
  6 orc priests
  3 orc wizards
  3 worker ants
  4 big kobold zombies (Ossuary)
  3 mummies (Ossuary)
  4 adders
  3 scorpion zombies (Ossuary)
  A worm (D:2)
  A dart slug (D:1)
  2 giant geckos
  An orc (D:4)
  A ball python (D:1)
  3 giant cockroaches
  A gnoll zombie (Ossuary)
  2 goblins (D:2)
  A hobgoblin (D:2)
  7 jackals
  3 quokkas
  A bat (D:1)
  A giant newt (D:2)
  4 goblin zombies (Ossuary)
  3 hobgoblin zombies (Ossuary)
  5 kobolds
  A kobold zombie (Ossuary)
  5 orc zombies (Ossuary)
  2 rats (D:2)
107 creatures vanquished.

Notes
Turn   | Place    | Note
-------+----------+-------------------------------------------
     0 | D:1      | 4thArraOfDagon the Troll Air Elementalist began the quest for the Orb.
     0 | D:1      | Reached XP level 1. HP: 16/16 MP: 1/1
    17 | D:1      | Reached skill level 1 in Unarmed Combat
   146 | D:2      | Reached XP level 2. HP: 18/24 MP: 2/2
   267 | D:2      | Reached skill level 2 in Unarmed Combat
   346 | D:2      | Learned a level 2 spell: Repel Missiles
   503 | D:4      | Reached XP level 3. HP: 31/31 MP: 3/3
   524 | D:4      | Reached skill level 3 in Unarmed Combat
   524 | D:4      | Reached XP level 4. HP: 34/39 MP: 4/4
   537 | D:4      | Reached skill level 4 in Unarmed Combat
   603 | D:5      | Entered Level 5 of the Dungeon
   648 | D:5      | Noticed Grinder
   659 | D:5      | Paralysed by Grinder for 5 turns
   667 | D:5      | Killed Grinder
   667 | D:5      | Reached skill level 6 in Unarmed Combat
   667 | D:5      | Reached XP level 5. HP: 29/45 MP: 5/5
   667 | D:5      | Reached XP level 6. HP: 34/53 MP: 6/6
   704 | D:5      | Noticed a slave
   704 | D:5      | Noticed a slave
   738 | D:5      | Killed a slave
   819 | D:6      | Reached skill level 7 in Unarmed Combat
   819 | D:6      | Reached XP level 7. HP: 23/59 MP: 5/7
   839 | D:6      | timbw: so many trolls :d
   867 | D:6      | Found a staircase to the Ecumenical Temple.
   868 | D:6      | timbw: how come no vs?
   883 | Temple   | Entered the Ecumenical Temple
   884 | Temple   | timbw: same but better
   884 | Temple   | 4thArraOfDagon: want to become great troll
   884 | Temple   | timbw: ish
   887 | Temple   | 4thArraOfDagon: :D
   888 | Temple   | timbw: ahh I see
   896 | Temple   | Became a worshipper of Cheibriados the Contemplative
  1124 | D:6      | Reached skill level 8 in Unarmed Combat
  1186 | D:7      | Reached skill level 9 in Unarmed Combat
  1219 | D:7      | Reached XP level 8. HP: 66/67 MP: 8/8
  1298 | D:8      | Found a sand-covered staircase.
  1304 | Ossuary  | Entered an ossuary
  1321 | Ossuary  | Reached skill level 1 in Invocations
  1346 | Ossuary  | Reached * piety under Cheibriados
  1475 | Ossuary  | Reached skill level 10 in Unarmed Combat
  1552 | Ossuary  | Reached ** piety under Cheibriados
  1769 | D:7      | Reached XP level 9. HP: 74/74 MP: 10/10
  1786 | D:7      | Reached skill level 11 in Unarmed Combat
  2036 | D:8      | Noticed Erica
  2036 | D:8      | Noticed Maurice
  2056 | D:8      | :(
  2077 | D:8      | Slain by Erica

Vault maps used:
D:1:      tarquinn_simple_flora_water_e
D:2:      first_bread, serial_park_tiny_2, grunt_ministairs_11,
          kennysheep_doodads
D:3:      ecumenical_altar_1
D:4:      serial_shops, kennysheep_little_box
D:5:      black_bear_nest_2, uniq_pikel, uniq_grinder
D:6:      grunt_decor_arrowhead, hangedman_decor_push
D:8:      makhleb_blood_cavern_becter, enter_ossuary_1, uniq_erica, uniq_psyche,
          uniq_maurice
D:9:      the_bakery, trog_ov_bears_minmay
Temple:   grunt_wide_crystal_templ
Ossuary:  ossuary_minmay_scorpions

Skill      XL: |  1  2  3  4  5  6  7  8  9 |
---------------+----------------------------+-----
Unarmed Combat | 1 2 3 6 7 9 10 11 | 11.2
Invocations    | 3 |  3.8
Dodging        | |  1.5
Stealth        | |  1.1
Spellcasting   | |  1.2
Conjurations   | |  0.6
Air Magic      | |  2.0

Action                   |  1- 3 |  4- 6 |  7- 9 || total
-------------------------+-------+-------+-------++-------
Melee: Unarmed           |    92 |    73 |   272 ||   437
       Punch             |     1 |       |    13 ||    14
 Cast: Repel Missiles    |     1 |       |       ||     1
       Shock             |       |     2 |       ||     2
Invok: Bend Time         |       |       |     1 ||     1
Evoke: Wand              |       |       |     7 ||     7
  Use: Potion            |       |     2 |     3 ||     5
       Scroll            |       |     5 |     3 ||     8
 Stab: Sleeping          |       |       |     1 ||     1
  Eat: Chunk             |     3 |     3 |    13 ||    19
       Beef jerky        |       |       |     2 ||     2
       Fruit             |       |       |     2 ||     2
Armor: Robe              |    49 |    27 |    85 ||   161
Dodge: Dodged            |    50 |    37 |   113 ||   200
